 Dungeon Crawl Stone Soup version 0.21-a0-504-g2eda330 (webtiles) character file.

7 theanonym the Chopper (level 1, -6/18 HPs)
             Began as a Demonspawn Chaos Knight on Nov 27, 2017.
             Mangled by a gnoll
             ... wielding a +0 spear
              (7 damage)
             ... on level 1 of the Dungeon.
             The game lasted 00:00:25 (95 turns).

theanonym the Chopper (Demonspawn Chaos Knight)       Turns: 95, Time: 00:00:25

Health: -6/18      AC:  5    Str: 12    XL:     1   Next: 83%
Magic:  1/1        EV: 11    Int: 13    God:    Xom [..*...]
Gold:   12         SH:  0    Dex: 12    Spells: 0/0 levels left

rFire    . . .     SeeInvis .   a - +0 hand axe (chaos)
rCold    . . .     Gourm    .   (no shield)
rNeg     . . .     Faith    .   b - +2 leather armour
rPois    .         Spirit   .   (no helmet)
rElec    .         Reflect  .   (no cloak)
rCorr    .         Harm     .   (no gloves)
MR       .....                  (no boots)
Stlth    +.........             (no amulet)
HPRegen  0.06/turn              (no ring)
MPRegen  0.07/turn              (no ring)

@: no status effects
A: no striking features
a: Renounce Religion


   Skills:
 - Level 3.0 Fighting
 + Level 3.1 Axes
 - Level 1.7 Armour
 - Level 0.8 Dodging


You couldn't memorise any spells.
You didn't know any spells.

Skill      XL: |  1 |
---------------+----+-----
Axes           | 3 |  3.1
Fighting       | |  3.0
Armour         | |  1.7
Dodging        | |  0.8

Action                   || total
-------------------------++-------
Melee: Hand axe          ||    22
Armor: Leather armour    ||     5
Dodge: Dodged            ||    15

Inventory:

Hand Weapons
 a - a +0 hand axe of chaos (weapon)
Armour
 b - a +2 leather armour (worn)
Comestibles
 c - a bread ration
 d - 3 chunks of flesh

Dungeon Overview and Level Annotations

Branches:
Dungeon (1/15)

Altars:


You were on level 1 of the Dungeon.
You worshipped Xom.
You were a toy of Xom.
You were not hungry.

You visited 1 branch of the dungeon, and saw 1 of its levels.

You collected 12 gold pieces.


Message History

You hit the kobold. You burn the kobold.
You kill the kobold!
Things that are here:
a short sword; a kobold corpse No target in view!
No target in view!
No target in view!
You see here a stone.
You see here 12 gold pieces.
You barely miss the goblin. The goblin hits you but does no damage.
You hit the goblin. You freeze the goblin.
You kill the goblin!
No target in view!
No target in view!
No target in view!
Things that are here:
a club; a stone; a goblin corpse; Health restored: 18 You butcher the goblin corpse.
d - 2 chunks of flesh
Things that are here:
a club; a stone
Things that are here:
a club; a stone You now have 12 gold pieces.
A rat comes into view.
A rat is nearby!
A rat is nearby!
A rat is nearby!
A rat is nearby!
A rat is nearby!
The rat barely misses you.
You hit the rat but do no damage.
The rat is poisoned.
The rat bites you but does no damage.
You barely miss the rat.
You kill the rat!
Your Axes skill increases to level 3!
No target in view!
No target in view!
You see here 2 stones.
Things that are here:
a club; a stone A rat comes into view.
A rat is nearby!
A rat is nearby!
A rat is nearby!
A rat is nearby!
A rat is nearby!
You slash the rat!
You kill the rat!
No target in view!
No target in view!
No target in view!
No target in view!
No target in view!
You butcher the rat corpse.
d - 3 chunks of flesh (gained 1)
A rat comes into view.
Xom grants you insight.
You detect items!
The rat moves out of view.
No target in view!
No target in view!
No target in view!
A rat comes into view.
A gnoll comes into view. It is wielding a spear.
The gnoll shouts!
You closely miss the rat. The rat misses you.
A rat comes into view.
You completely miss the rat. The rat bites you but does no damage.
You hit the rat.
You kill the rat!
You hit the rat but do no damage. The rat closely misses you.
The rat bites you but does no damage.
The gnoll hits you from afar with a spear.
You take 4 damage, and have 14/18 hp.
MASSIVE DAMAGE!!
You hit the rat.
You kill the rat!
The gnoll hits you but does no damage. The gnoll closely misses you.
The rat barely misses you.
You barely miss the gnoll. You hit the rat but do no damage.
The gnoll closely misses you. The rat closely misses you.
You closely miss the gnoll. You hit the rat. Lightning courses through the rat!
You kill the rat!
The gnoll hits you with a spear.
* * * LOW HITPOINT WARNING * * *
You take 5 damage, and have 9/18 hp.
MASSIVE DAMAGE!!
You hit the gnoll but do no damage.
The gnoll is poisoned.
The gnoll hits you with a spear.
* * * LOW HITPOINT WARNING * * *
You take 5 damage, and have 4/18 hp.
MASSIVE DAMAGE!!
You hit the gnoll. You freeze the gnoll. The gnoll barely misses you.
You barely miss the gnoll. The gnoll hits you with a spear.
* * * LOW HITPOINT WARNING * * *
You take 3 damage, and have 1/18 hp.
You aren't carrying any potions.
You aren't carrying any spellbooks or scrolls.
You aren't carrying any items that you can evoke.
You barely miss the gnoll. The gnoll barely misses you.
You completely miss the gnoll. The gnoll closely misses you.
You hit the gnoll but do no damage. The gnoll hits you with a spear!
You die...

.. ........# ..
###.....# .
..'.....#
###.....#
........#
#.......#
#.......########
#........†......
#.......@.......
#.......g.......
#...............
#######.........
#.........
#.........
#.........
#.........


You could see a gnoll.

Notes
Turn   | Place    | Note
-------+----------+-------------------------------------------
     0 | D:1      | theanonym the Demonspawn Chaos Knight began the quest for the Orb.
     0 | D:1      | Reached XP level 1. HP: 18/18 MP: 1/1
    47 | D:1      | Reached skill level 3 in Axes
    79 | D:1      | XOM: divination: detect items
    89 | D:1      | HP: 9/18 [gnoll/spear (5)]
    90 | D:1      | HP: 4/18 [gnoll/spear (5)]
    92 | D:1      | HP: 1/18 [gnoll/spear (3)]
    95 | D:1      | Mangled by a gnoll

Vanquished Creatures
  A goblin (D:1)
  2 kobolds (D:1)
  5 rats (D:1)
8 creatures vanquished.
